 Dungeon Crawl Stone Soup version 0.30-a0-782-ge64f9170bb (webtiles) character file.

Game seed: 15557280726958169427

9120 Mesmaeker13 the Martial Artist (level 11, -6/93 HPs)
             Began as an Octopode Transmuter on Mar 17, 2023.
             Was a Believer of Wu Jian.
             Mangled by Harold
             ... wielding a +3 war axe
              (12 damage)
             ... on level 10 of the Dungeon on Mar 18, 2023.
             The game lasted 00:36:07 (13357 turns).

Mesmaeker13 the Martial Artist (OpTm)              Turns: 13357, Time: 00:36:08

Health: -6/93      AC: 10    Str: 11    XL:     11   Next: 41%
Magic:  11/18      EV: 10    Int: 23    God:    Wu Jian [**....]
Gold:   909        SH:  5    Dex: 14    Spells: 5/20 levels left

rFire   x . .      SeeInvis +      - Unarmed
rCold   + + +      Faith    .    (shield currently unavailable)
rNeg    . . .      Spirit   .    (helmet currently unavailable)
rPois   +          Reflect  +    J - amulet of reflection
rElec   .          Harm     .    m - ring of wizardry
rCorr   +          Rampage  .    n - ring of see invisible
Will    +....                    (no ring)
Stlth   +                        h - ring of willpower
HPRegen 0.35/turn                l - ring "Qomoucygro" {rPois rCorr Int+6}
MPRegen 0.16/turn                (no ring)
                                 (no ring)
                                 (no ring)

@: ice-form, freezing walls
A: freezing attack, boosted hp, almost no armour, amphibious, 8 rings, large,
(camouflage 1), (gelatinous body 1), (nimble swimmer 1), (tentacles)
a: End Transformation, Renounce Religion, Wall Jump


You were on level 10 of the Dungeon.
You worshipped Wu Jian.
Wu Jian was pleased with you.
You were a creature of crystalline ice.
You visited 3 branches of the dungeon, and saw 12 of its levels.
You also visited: Bailey.

You collected 909 gold pieces.

Inventory:

Hand Weapons
 M - a +4 demon blade of flaming
Missiles
 L - 7 throwing nets (quivered)
Jewellery
 b - an amulet of magic regeneration
 d - an amulet of guardian spirit
 h - a ring of willpower (on tentacle)
 l - the ring "Qomoucygro" (on tentacle) {rPois rCorr Int+6}
   (You took it off a gnoll in a bailey)

   [ring of intelligence]

   Int:       It affects your intelligence (+6).
   rPois:     It protects you from poison.
   rCorr:     It protects you from acid and corrosion.
 m - a ring of wizardry (left front paw)
 n - a ring of see invisible (right front paw)
 J - an amulet of reflection (around neck)
 O - a ring of ice
 R - an amulet of faith
Wands
 a - a wand of flame (7)
 y - a wand of digging (6)
 K - a wand of polymorph (5)
Scrolls
 c - a scroll of summoning
 f - 2 scrolls of torment
 i - 2 scrolls of enchant weapon
 j - a scroll of acquirement {unknown}
 p - 2 scrolls of poison
 r - 4 scrolls of vulnerability
 s - 6 scrolls of fog
 t - a scroll of amnesia
 u - 5 scrolls of immolation
 w - 3 scrolls of enchant armour
 x - 2 scrolls of magic mapping {unknown}
 A - a scroll of fear {unknown}
 E - 3 scrolls of noise
 N - a scroll of blinking
 P - a scroll of silence {unknown}
 Q - 3 scrolls of identify
Potions
 e - 3 potions of flight
 g - 4 potions of magic
 k - 2 potions of ambrosia
 o - 2 potions of berserk rage
 q - a potion of brilliance
 v - 2 potions of lignification
 z - 2 potions of degeneration {unknown}
 C - 5 potions of curing {unknown}
 D - 3 potions of mutation
 F - 4 potions of heal wounds
 G - 2 potions of haste {unknown}
 H - 2 potions of might {unknown}
 I - 2 potions of cancellation {unknown}
Miscellaneous
 B - a tin of tremorstones (inert)


   Skills:
 + Level 8.5 Fighting
 - Level 2.0 Dodging
 + Level 9.1 Unarmed Combat
 + Level 5.2 Spellcasting
 + Level 8.7 Transmutations
 - Level 7.1 Ice Magic
 + Level 3.4 Earth Magic


You had 5 spell levels left.
You knew the following spells:

 Your Spells              Type           Power      Damage    Failure   Level
a - Statue Form           Tmut/Erth      22%        N/A       41%         6
b - Wereblood             Tmut           46%        N/A       1%          2
c - Ice Form              Ice/Tmut       42%        N/A       1%          4
d - Frozen Ramparts       Ice            76%        1d12      1%          3

Your spell library contained the following spells:

 Spells                   Type           Power      Damage    Failure   Level
 Beastly Appendage        Tmut           92%        N/A       1%          1
 Freeze                   Ice            100%       1d10      1%          1
 Spider Form              Tmut/Pois      26%        N/A       1%          3
 Hailstorm                Conj/Ice       22%        3d7       2%          3
 Shock                    Conj/Air       20%        1d4       4%          1
 Swiftness                Air            5%         N/A       12%         3
 Tukima's Dance           Hex            5%         N/A       12%         3
 Yara's Violent Unravell  Hex/Tmut       13%        3d7       16%         5
 Leda's Liquefaction      Hex/Erth       6%         N/A       17%         4
 Lee's Rapid Deconstruct  Erth           11%        3d8*      24%         5
 Airstrike                Air            2%         2d(1-17)  34%         4
 Passage of Golubria      Tloc           5%         N/A       34%         4


Dungeon Overview and Level Annotations

Branches:
Dungeon (10/15)            Temple (1/1) D:7            Lair (1/5) D:9
 Bailey (visited)
    Orc: D:9-12

Altars:
Ashenzari
Cheibriados
Dithmenos
Elyvilon
Gozag
Hepliaklqana
Kikubaaqudgha
Makhleb
Nemelex Xobeh
Okawaru
Qazlal
Ru
Sif Muna
Trog
Uskayaw
Vehumet
Wu Jian
Xom
Yredelemnul
Zin
The Shining One

Annotations:
D:3 2 transporters
D:5 Pikel
D:9 5 exclusions
D:10 Harold


Innate Abilities, Weirdness & Mutations

You are a creature of crystalline ice.
You have a powerful freezing melee attack.
Your maximum health is increased.
Your armour is entirely melded.
You are incapable of wielding weapons or throwing items.
You cannot wear most types of armour.
You are amphibious.
You can wear up to eight rings at the same time.
((Your skin changes colour to match your surroundings (Stealth+).))
((Your rubbery body absorbs attacks. (AC +1, EV +1)))
((You are camouflaged when in or above water. (Stealth+)))
((You have tentacles for arms and can constrict up to eight enemies at once.))


Message History

There is an open door here.
Casting: Frozen Ramparts (safe; 1% risk of failure)
Confirm with . or Enter, or press ? or * to list all spells.
You extend your transformation's duration.
Harold hits you with a +3 war axe!
Unknown command.
Unknown command.
Casting: Ice Form (mildly dangerous; 1% risk of failure)
Confirm with . or Enter, or press ? or * to list all spells.
Casting: Frozen Ramparts (safe; 1% risk of failure)
Press: ? - help, Dir - look around, f - activate An open door.
The walls around you are covered in ice.
The wall freezes the troll!
The troll bites you! The troll closely misses you. The troll claws you!
The wall freezes Harold.
Harold hits you with a +3 war axe!
Unknown command.
You hit Harold but do no damage.
Harold is lightly wounded.
The wall freezes the troll.
The troll bites you. The troll barely misses you.
The troll claws you but does no damage.
The wall freezes Harold!
Harold asks, "Do you mind if I name my boat the 'Mesmaeker13'?
Your head will be paying for it, after all."
Harold hits you with a +3 war axe!
You punch Harold! You freeze Harold.
Harold is moderately wounded.
The wall freezes the troll!
The troll bites you! The troll claws you!
* * * LOW HITPOINT WARNING * * *
The troll claws you.
* * * LOW HITPOINT WARNING * * *
The wall freezes Harold!
You block Harold's attack.
You punch Harold! You freeze Harold.
Harold is heavily wounded.
The wall freezes the troll!
The troll bites you.
* * * LOW HITPOINT WARNING * * *
The troll claws you.
* * * LOW HITPOINT WARNING * * *
The troll claws you!
* * * LOW HITPOINT WARNING * * *
The wall freezes Harold!
Harold hits you with a +3 war axe!
You die...

. ## .# ##.####)##
#........#
#........+
#........#
#..@T....# ##Y##
##...###### #..
#..........
#.>..#..........
#....#..........
....+.......... ####
#..##.##.###.#
#...###..##.##.###.#
#...................


You could see Harold and a troll.

Vanquished Creatures
  Erolcha (D:9)
  2 two-headed ogres
  An elephant (D:9)
  A black mamba (D:9)
  Joseph (D:9)
  A kobold demonologist (D:9)
  A troll (D:10)
  Prince Ribbit (D:5)
  Sigmund (D:4)
  A wraith (D:10)
  A shadow (D:5)
  A yak (D:9)
  A basilisk (D:9)
  Menkaure (D:5)
  2 steam dragons
  Edmund (D:3)
  2 water moccasins (D:5)
  Pargi (D:4)
  An ice beast (D:5)
  3 orc warriors
  2 black bears
  2 sky beasts (D:4)
  2 ogres (D:5)
  5 wolves (Bailey)
  A centaur (D:10)
  4 lemures (D:5)
  A bullfrog (D:7)
  9 gnoll sergeants (Bailey)
  2 necrophages
  5 scorpions
  6 killer bees (D:7)
  3 electric eels
  3 howler monkeys
  4 hounds
  4 jellies
  9 gnoll boudas
  An orc priest (D:10)
  4 iguanas
  6 orc wizards
  26 gnolls
  11 adders
  A shadow imp (D:6)
  3 white imps
  2 ufetubi
  2 worms (D:3)
  2 dart slugs
  33 orcs
  5 ball pythons
  2 endoplasms
  2 giant cockroaches
  5 goblins
  5 hobgoblins
  3 jackals (D:1)
  5 kobolds
  10 quokkas
  6 bats
  4 frilled lizards
225 creatures vanquished.

Vanquished Creatures (others)
  4 plants (D:9)
  8 toadstools (D:10)
12 creatures vanquished.

Grand Total: 237 creatures vanquished

Notes
Turn   | Place    | Note
-------+----------+-------------------------------------------
     0 | D:1      | Mesmaeker13 the Octopode Transmuter began the quest for the
                  | Orb.
     0 | D:1      | Reached XP level 1. HP: 13/13 MP: 3/3
   736 | D:1      | Reached XP level 2. HP: 17/18 MP: 5/5
   872 | D:1      | Learned a level 2 spell: Wereblood
  1337 | D:2      | Reached XP level 3. HP: 24/24 MP: 6/6
  1719 | D:2      | HP: 1/36 [goblin/+0 club (3)]
  2075 | D:3      | Found a transporter.
  2095 | D:3      | Reached XP level 4. HP: 13/29 MP: 7/7
  2103 | D:3      | Learned a level 4 spell: Ice Form
  2404 | D:3      | Found a transporter.
  2712 | D:3      | Found a faded altar of an unknown god.
  3094 | D:3      | Found a shimmering blue altar of Sif Muna.
  3095 | D:3      | Found an ancient bone altar of Kikubaaqudgha.
  3268 | D:4      | Reached skill level 4 in Unarmed Combat
  3268 | D:4      | Reached skill level 1 in Ice Magic
  3268 | D:4      | Reached XP level 5. HP: 27/35 MP: 8/8
  3332 | D:4      | Noticed Edmund
  3348 | D:4      | HP: 1/35 [Edmund/+2 dire flail of protection (17)]
  3510 | D:4      | Found a white marble altar of Elyvilon.
  3510 | D:4      | Noticed Pargi
  3754 | D:4      | Reached XP level 6. HP: 40/42 MP: 9/9
  3914 | D:4      | Noticed a sky beast
  4050 | D:4      | Killed a sky beast
  4090 | D:4      | Killed Pargi
  4167 | D:4      | Noticed Sigmund
  4178 | D:4      | Killed Sigmund
  4179 | D:4      | Reached XP level 7. HP: 37/47 MP: 10/10
  4430 | D:4      | Reached skill level 5 in Unarmed Combat
  4959 | D:4      | Found a faded altar of an unknown god.
  4959 | D:4      | Found a faded altar of an unknown god.
  4966 | D:4      | Found an iron altar of Okawaru.
  4968 | D:4      | Found a burning altar of Makhleb.
  4970 | D:4      | Found a basalt altar of Yredelemnul.
  5188 | D:3      | Killed Edmund
  5302 | D:5      | Entered Level 5 of the Dungeon
  5309 | D:4      | Learned a level 3 spell: Frozen Ramparts
  5379 | D:5      | Noticed Menkaure
  5649 | D:5      | Killed Menkaure
  5650 | D:5      | Reached XP level 8. HP: 47/54 MP: 11/11
  5774 | D:5      | Noticed Prince Ribbit
  5790 | D:5      | Killed Prince Ribbit
  5791 | D:5      | Reached skill level 5 in Transmutations
  5913 | D:5      | Reached skill level 5 in Fighting
  5988 | D:5      | Reached skill level 6 in Unarmed Combat
  6250 | D:5      | Noticed a shadow
  6263 | D:5      | Killed a shadow
  6264 | D:5      | Reached skill level 5 in Ice Magic
  6264 | D:5      | Reached XP level 9. HP: 44/62 MP: 12/12
  6387 | D:5      | Identified the +2 helmet of Xewn {+Blink rCorr Str-4 SInv}
  6467 | D:5      | Found a glowing silver altar of Zin.
  6533 | D:5      | Noticed Pikel
  7554 | D:7      | Found a staircase to the Ecumenical Temple.
  7654 | Temple   | Entered the Ecumenical Temple
  7654 | Temple   | Found a transporter.
  7654 | Temple   | Found a transporter.
  7656 | Temple   | Found a transporter.
  7656 | Temple   | Found a transporter.
  7688 | Temple   | Became a worshipper of the Wu Jian Council
  7831 | D:7      | Found a flagged portal.
  7908 | Bailey   | Entered a bailey
  7917 | Bailey   | Reached skill level 7 in Unarmed Combat
  8751 | Bailey   | Identified the ring "Qomoucygro" {rPois rCorr Int+6}
  8816 | Bailey   | Reached XP level 10. HP: 46/69 MP: 8/13
  9106 | Bailey   | Reached * piety under Wu Jian
 10602 | D:5      | Reached skill level 8 in Unarmed Combat
 10857 | D:5      | Found a glowing golden altar of the Shining One.
 11415 | D:8      | Noticed a two-headed ogre
 11422 | D:8      | Killed a two-headed ogre
 11422 | D:8      | Reached ** piety under Wu Jian
 11433 | D:8      | Learned a level 6 spell: Statue Form
 11850 | D:9      | Noticed a kobold demonologist
 11859 | D:9      | Killed a kobold demonologist
 11860 | D:9      | Reached skill level 1 in Earth Magic
 12017 | D:9      | Noticed Erolcha
 12116 | D:9      | Noticed Joseph
 12138 | D:9      | Killed Joseph
 12298 | D:9      | Noticed an elephant
 12309 | D:9      | Killed an elephant
 12310 | D:9      | Reached XP level 11. HP: 77/77 MP: 10/17
 12401 | D:9      | Found a staircase to the Lair.
 12481 | D:9      | Noticed a two-headed ogre
 12500 | D:9      | Killed a two-headed ogre
 12718 | D:9      | Killed Erolcha
 13046 | Lair:1   | Entered Level 1 of the Lair of Beasts
 13057 | D:9      | Reached skill level 5 in Spellcasting
 13093 | D:10     | Entered Level 10 of the Dungeon
 13103 | D:10     | Reached skill level 9 in Unarmed Combat
 13351 | D:10     | Noticed Harold
 13357 | D:10     | Mangled by Harold

Illustrated notes

Levels and vault maps discovered:
D:1:      dpeg_arrival_rooms_b, layout_basic
D:2:      kb_forest_paths, layout_rooms, kennysheep_big_empty_room,
          minmay_heptomino_h4
D:3:      gammafunk_wand_slinger, layout_loops_corners,
          gammafunk_temple_overflow_pools, ebering_ecumenical_altar_box
D:4:      layout_basic, elyvilon_altar_5, chequers_temple_overflow_minitemple,
          uniq_sigmund, uniq_pargi, uniq_edmund
D:5:      cheibrodos_barr_body, layout_gridville, general_overflow_altar,
          nicolae_tso_swordbearing_angel, uniq_prince_ribbit1, uniq_menkaure,
          uniq_pikel
D:6:      layout_basic
D:7:      layout_layer_cave, minmay_temple_entry_statues_fountains,
          enter_bailey_2, kennysheep_small_spiral
D:8:      layout_basic, nrook_pool_corridor, nicolae_underground_beach
D:9:      layout_basic, david_lair_generic, serial_bayou, serial_bayou_shore_a,
          serial_bayou_shore_b, serial_bayou_pond_a, serial_bayou_crossing,
          uniq_erolcha, uniq_joseph
D:10:     layout_gridville, tgw_fedhas, serial_shops, shop,
          nicolae_shop_temple_entry_statues_fountains, uniq_harold
Temple:   hellmonk_temple_divided_pantheon
Lair:1:   lemuel_reptile_caves, layout_regular_city, beast_lair_carwin_5

Skill      XL: |  1  2  3  4  5  6  7  8  9 10 11 |
---------------+----------------------------------+-----
Fighting       | 2 3 4 5 6 8 |  8.5
Transmutations | 3 4 6 7 8 |  8.7
Unarmed Combat | 4 5 6 7 8 9 |  9.1
Ice Magic      | 1 2 3 5 6 7 |  7.1
Spellcasting   | 4 5 |  5.2
Earth Magic    | 2 3 |  3.4
Dodging        | |  2.0

Action                     |  1- 3 |  4- 6 |  7- 9 | 10-12 || total
---------------------------+-------+-------+-------+-------++-------
  Melee: Unarmed           |    77 |    85 |   224 |   184 ||   570
         Constrict         |    18 |    15 |     5 |       ||    38
         Kick              |    14 |    19 |     9 |       ||    42
         Tentacles         |    13 |    10 |     6 |     1 ||    30
         Punch             |     1 |     3 |     1 |       ||     5
  Throw: Dart              |     3 |       |       |       ||     3
   Cast: Beastly Appendage |    23 |    21 |     6 |     5 ||    55
         Wereblood         |     4 |     1 |     8 |     9 ||    22
         Ice Form          |       |     5 |    32 |    27 ||    64
         Frozen Ramparts   |       |       |     4 |    16 ||    20
Ability: Lunge             |       |       |     9 |    10 ||    19
         Whirlwind         |       |       |       |     1 ||     1
  Evoke: Wand              |       |       |    12 |     6 ||    18
         Tin of tremorston |       |       |       |     2 ||     2
    Use: Scroll            |     5 |     3 |     4 |     6 ||    18
         Potion            |     2 |       |       |     2 ||     4
   Stab: Sleeping          |     2 |     1 |     2 |     1 ||     6
         Held in net/web   |       |       |     1 |       ||     1
 Armour: Skin              |     5 |    22 |    51 |    31 ||   109
  Dodge: Dodged            |    51 |    57 |    88 |    64 ||   260
  Block: Other             |       |       |    16 |    28 ||    44
         Reflection        |       |       |     2 |     1 ||     3

Table legend: (Time is in decaauts)
 A = Elapsed time spent in this place.
 B = Non-inter-level travel time spent in this place.
 C = Inter-level travel time spent in this place.
 D = Time resting spent in this place.
 E = Time spent auto-exploring this place.
 F = Levels seen in this place.
 G = Mean time per level.
                   A        B        C        D        E       F      G
               +--------+--------+--------+--------+--------+-----+--------+
         Total |  13311 |  12217 |   1094 |   2136 |   7023 |  13 | 1023.9 |
       Dungeon |  11884 |  10792 |   1092 |   1519 |   6910 |  10 | 1188.4 |
        Temple |     48 |     46 |      2 |      0 |      0 |   1 |   48.0 |
          Lair |      2 |      2 |      0 |      0 |      0 |   1 |    2.0 |
        Bailey |   1375 |   1375 |      0 |    617 |    113 |   1 | 1375.0 |
               +--------+--------+--------+--------+--------+-----+--------+

Top non-repeatable levels by time:
     D:4: 1921 daAuts
     D:3: 1540 daAuts
     D:5: 1467 daAuts
     D:7: 1430 daAuts
  Bailey: 1375 daAuts
     D:9: 1232 daAuts
     D:1: 1075 daAuts
     D:2: 1066 daAuts
     D:6: 1042 daAuts
     D:8: 844 daAuts
    D:10: 263 daAuts
  Temple: 48 daAuts
  Lair:1: 2 daAuts
